 Dungeon Crawl Stone Soup version 0.14-a0-3329-g86b2fc4 (webtiles) character file.

5058 Kae the Bludgeoner (level 10, -1/78 HPs)
             Began as a Minotaur Fighter on Mar 16, 2014.
             Was an Elder of Okawaru.
             Slain by an orc priest
             ... wielding a +0,+0 flail
              (3 damage)
             ... on Level 9 of the Dungeon.
             The game lasted 00:14:08 (8678 turns).

Kae the Bludgeoner (Minotaur Fighter)               Turns: 8678, Time: 00:14:08

HP  -1/78        AC 28     Str 21      XL: 10   Next: 13%
MP   4/4         EV  3     Int  7      God: Okawaru [****..]
Gold 669         SH 19     Dex 11      Spells:  0 memorised,  9 levels left

rFire  . . .     SeeInvis .     a - +2 hammer
rCold  + . .     Clarity  .     u - +10 plate armour {ponderous}
rNeg   . . .     Conserve +     c - +0 shield
rPois  .         rCorr    +     (helmet restricted)
rElec  .         rRot     .     J - +2 cloak {rCorr, Cons}
SustAb . .       Spirit   .     i - +1 pair of gloves
rMut   .         Warding  .     l - +0 pair of boots
Saprov . . .     Stasis   .     A - amulet of conservation
MR     .....                    q - ring of ice
                                N - ring of invisibility

@: slow, not resistant to hostile enchantments, extremely unstealthy
A: retaliatory headbutt, horns 2, fire resistance 1, evolution 1
a: Heroism, Renounce Religion, Evoke Invisibility


You were on level 9 of the Dungeon.
You worshipped Okawaru.
Okawaru was greatly pleased with you.
You were hungry.

You visited 2 branches of the dungeon, and saw 10 of its levels.
You also visited: Ossuary.

You collected 669 gold pieces.

Inventory:

Hand weapons
 a - a +2,+2 hammer (weapon)
 b - a cursed +0,-1 morningstar
 s - a cursed +0,+0 mace
Armour
 c - a +0 shield (worn)
 i - a +1 pair of gloves (worn)
 l - a +0 pair of boots (worn)
 u - a +10 plate armour of ponderousness (worn)
 J - a +2 cloak of preservation (worn)
Magical devices
 p - a wand of disintegration (16)
 E - a wand of paralysis (0)
 F - a wand of frost (3)
 I - a wand of polymorph (13)
 K - a wand of disintegration (14)
 V - a wand of frost (18)
Comestibles
 d - 4 bread rations
 j - 4 meat rations
 t - 14 bananas
 H - 3 pears
 P - 15 strawberries
 X - 7 chokos
 Z - a beef jerky
Scrolls
 f - 4 scrolls of identify
 g - 7 scrolls of teleportation
 h - 2 scrolls of blinking
 o - 7 scrolls of remove curse
 v - 2 scrolls of recharging
 y - 4 scrolls of enchant weapon I
 z - a scroll of fog
 R - a scroll of enchant armour
 Y - a scroll of amnesia
Jewellery
 k - an uncursed ring of fire
 m - a cursed ring of teleportation
 q - a ring of ice (right hand)
 A - an amulet of conservation (around neck)
 N - a ring of invisibility (left hand)
 U - the amulet of Nobility {Faith rF+}
   (You found it on level 7 of the Dungeon)

   [amulet of faith]

   It protects you from fire.
Potions
 e - 3 potions of might
 n - 2 potions of invisibility
 r - 11 potions of curing
 w - a potion of haste
 x - a potion of agility
 C - 2 potions of resistance
 M - 5 potions of heal wounds
Books
 D - a book of Party Tricks

   Spells                             Type                      Level
   Summon Butterflies                 Summoning                    1
   Apportation                        Translocation                1
   Blink                              Translocation                2
   Alistair's Intoxication            Transmutation/Poison         4
   Tukima's Dance                     Hexes                        5
 O - a book of the Sky

   Spells                             Type                      Level
   Flight                             Charms/Air                   3
   Airstrike                          Air                          4
   Silence                            Hexes/Air                    5
   Deflect Missiles                   Charms/Air                   6
   Conjure Ball Lightning             Conjuration/Air              6
   Tornado                            Air                          9


   Skills:
 - Level 3.7 Fighting
 + Level 16.4 Maces & Flails
 - Level 3.8 Armour
 - Level 3.7 Shields


You had 9 spell levels left.
You didn't know any spells.

Dungeon Overview and Level Annotations

Branches:
Dungeon (9/15)             Temple (1/1) D:5
    Orc: D:9-12        Lair: D:8-11

Altars:
Cheibriados
Elyvilon
Nemelex Xobeh
Okawaru
Sif Muna
Vehumet
Xom
Yredelemnul

Shops:
D:5 [   D:8 %*(


Innate Abilities, Weirdness & Mutations

You reflexively headbutt those who attack you in melee.
You have a pair of horns on your head.
Your flesh is heat resistant.
You evolve.


Message History

Your headbutt misses the orc priest.
The orc priest is severely wounded.
The orc priest becomes somewhat translucent.
You block the orc priest's attack.
Your shield and plate armour prevent you from hitting the orc priest.
The orc priest is severely wounded.
The orc priest hits you but does no damage.
You hit the orc priest.
The orc priest is severely wounded.
The orc priest invokes the aid of Beogh against you.
Something smites you!
* * * LOW HITPOINT WARNING * * *
You hit the orc priest.
You kill the orc priest!
Okawaru accepts your kill.
You hit the orc priest but do no damage.
You headbutt the orc priest, but do no damage.
The orc priest is lightly wounded.
The orc priest hits you with a flail.
You die...

#.########.### #####<#.##.##
#.#.......P)P##### #...........##
#........P.PP.#.(# #.###.........
#.#.......)..##..# #.# #.#.##.###
#.............##'###.# #.#.##[###
#.#.P.......P##...##.# #.#.##....
#.#..........')...##.###.........
#.#..........'..).##..##.#.######
#.........PPP##.@o###.##.#.#
###...........##)## #.##.#.#
#.P.)...P..##..# #.##.#.######
#.......!...#.!# #.##.........
#..........##### #.##.####.###
######......# #.##.# #.# #
######.# #####.##.# #.# # #.#
#..>...#.####.# # #.#
#.###.........# #


You could see an orc priest.

Vanquished Creatures
  The ghost of runewalsh the Covert, an experienced OpWz of Nemelex Xobeh (D:6)
  Maurice (D:9)
  A two-headed ogre (D:9)
  A troll (D:9)
  A deep elf mage (D:9)
  Eustachio (D:9)
  A yak (D:5)
  A deep dwarf (D:9)
  An orc warrior (D:5)
  A sky beast (D:6)
  4 ogres
  A black bear (D:8)
  A yellow wasp (D:9)
  5 giant frogs
  A centaur (D:6)
  Blork the orc (D:9)
  A scorpion (D:9)
  A hippogriff zombie (D:7)
  4 goliath beetles
  3 bog bodies (Ossuary)
  3 crimson imps
  4 orc priests
  2 giant frog zombies (Ossuary)
  A gnoll shaman (D:6)
  3 jellies
  Crazy Yiuf (D:4)
  2 iguanas
  An iron imp (D:9)
  4 orc wizards
  6 worker ants
  12 mummies
  7 worker ant zombies
  15 gnolls
  2 adders
  A worm zombie (Ossuary)
  An inept item mimic (D:5)
  A giant mite (D:9)
  A goliath beetle zombie (Ossuary)
  7 worms
  An adder zombie (Ossuary)
  3 giant eyeballs
  7 giant geckos
  2 oozes
  17 orcs
  3 ball pythons
  A bat zombie (Ossuary)
  10 giant cockroaches
  13 hobgoblins
  6 jackals
  A quokka (D:6)
  15 bats
  A giant gecko zombie (Ossuary)
  12 giant newts
  A giant spore (D:9)
  9 goblins
  2 goblin zombies (D:6)
  13 kobolds
  A kobold skeleton (D:7)
  2 kobold zombies (Ossuary)
  2 orc zombies
  A quokka skeleton (D:4)
  A quokka zombie (Ossuary)
  12 rats
  A rat zombie (Ossuary)
  A ballistomycete (D:9)
244 creatures vanquished.

Notes
Turn   | Place    | Note
--------------------------------------------------------------
     0 | D:1      | Kae, the Minotaur Fighter, began the quest for the Orb.
     0 | D:1      | Reached XP level 1. HP: 19/19 MP: 1/1
    93 | D:1      | Reached XP level 2. HP: 27/27 MP: 1/1
   719 | D:2      | Reached XP level 3. HP: 33/33 MP: 2/2
   728 | D:2      | Reached skill level 4 in Maces & Flails
  1548 | D:3      | Reached XP level 4. HP: 40/40 MP: 2/2
  1549 | D:3      | Reached skill level 5 in Maces & Flails
  1926 | D:3      | Reached skill level 6 in Maces & Flails
  1926 | D:3      | Reached XP level 5. HP: 31/46 MP: 2/2
  2283 | D:4      | Noticed an ogre
  2294 | D:4      | Killed an ogre
  2294 | D:4      | Reached skill level 7 in Maces & Flails
  2491 | D:4      | Found a sparkling altar of Nemelex Xobeh.
  2519 | D:4      | Noticed an ogre
  2529 | D:4      | Killed an ogre
  2529 | D:4      | Reached XP level 6. HP: 44/52 MP: 3/3
  2765 | D:4      | Noticed Crazy Yiuf
  2773 | D:4      | Killed Crazy Yiuf
  2773 | D:4      | Reached skill level 8 in Maces & Flails
  3023 | D:5      | Entered Level 5 of the Dungeon
  3089 | D:5      | Found Jesol's Antique Armour Emporium.
  3310 | D:5      | Reached skill level 9 in Maces & Flails
  3310 | D:5      | Reached XP level 7. HP: 53/58 MP: 3/3
  3346 | D:5      | Noticed a yak
  3594 | D:5      | Killed a yak
  3594 | D:5      | Reached skill level 10 in Maces & Flails
  3671 | D:5      | Found a sparkling altar of Nemelex Xobeh.
  3685 | D:5      | Found a staircase to the Ecumenical Temple.
  3698 | Temple   | Entered the Ecumenical Temple
  3760 | Temple   | Became a worshipper of Warmaster Okawaru
  4377 | D:5      | Paralysed by a giant eyeball for 3 turns
  4630 | D:6      | Reached skill level 11 in Maces & Flails
  4641 | D:6      | Acquired Okawaru's first power
  4667 | D:6      | Reached XP level 8. HP: 66/66 MP: 3/3
  4696 | D:6      | Noticed runewalsh's ghost (experienced OpWz)
  4731 | D:6      | Killed runewalsh's ghost
  4731 | D:6      | Reached skill level 12 in Maces & Flails
  5289 | D:6      | Found a sand-covered staircase.
  5300 | Ossuary  | Entered an ossuary
  5339 | Ossuary  | Reached skill level 13 in Maces & Flails
  5716 | Ossuary  | Reached XP level 9. HP: 71/71 MP: 4/4
  6380 | D:7      | Reached skill level 14 in Maces & Flails
  6585 | D:7      | Got a brightly glowing tin amulet
  6593 | D:7      | Paralysed by a giant eyeball for 4 turns
  7236 | D:8      | Found Bapec's General Store.
  7298 | D:8      | Found Koipegal's Antique Weapon Emporium.
  7506 | D:8      | Found Bofymeq's Food Shoppe.
  7731 | D:9      | Noticed Blork the orc
  7746 | D:9      | Killed Blork the orc
  7775 | D:9      | Reached skill level 15 in Maces & Flails
  7843 | D:9      | Identified the amulet of Nobility {Faith rF+} (You found it on level 7 of the Dungeon)
  7889 | D:9      | Gained mutation: You evolve. [potion of mutation]
  7889 | D:9      | Gained mutation: Your flesh is heat resistant. [potion of mutation]
  8363 | D:9      | Noticed Maurice
  8363 | D:9      | Paralysed by Maurice for 3 turns
  8383 | D:9      | Paralysed by Maurice for 6 turns
  8395 | D:9      | Reached skill level 16 in Maces & Flails
  8405 | D:9      | Paralysed by something for 7 turns
  8414 | D:9      | Killed Maurice
  8414 | D:9      | Reached XP level 10. HP: 78/78 MP: 4/4
  8420 | D:9      | Identified a +2 cloak of preservation (You took it off Maurice on level 9 of the Dungeon)
  8639 | D:9      | Noticed Eustachio
  8663 | D:9      | Killed Eustachio
  8676 | D:9      | HP: 2/78 [orc priest/divine providence (10)]
  8678 | D:9      | Slain by an orc priest

Action                   |  1- 3 |  4- 6 |  7- 9 | 10-12 || total
-------------------------+-------+-------+-------+-------++-------
Melee: Flail             |   109 |    72 |       |       ||   181
       Mace              |     6 |       |       |       ||     6
       Morningstar       |       |    50 |    10 |       ||    60
       Hammer            |       |    29 |   683 |   108 ||   820
Invok: Heroism           |       |       |     1 |       ||     1
Evoke: Wand              |       |       |     3 |       ||     3
  Use: Scroll            |     6 |       |    15 |     2 ||    23
       Potion            |       |     1 |     7 |     1 ||     9
